Unix NetHack Version 5.0.0-0 post-release - last build May 23 2026 06:08:33 (1c0ff79ee797540d5714e4e18072db0edd9e58ae,branch:main).

Game began 2026-05-29 23:17:13, ended 2026-05-29 23:43:46.

BeardyHaddock, neutral male gnomish Archeologist

       ---------------
       |...".........|
       |........<.....
       |.............|
       |.............|
       |@............|
       ----------.----

BeardyHaddock the Field Worker  St:12 Dx:12 Co:12 In:17 Wi:14 Ch:10  Neutral
Dlvl:5  $:426 HP:0(33) Pw:22(22) AC:9  Xp:4 T:3427  Blind

Latest messages:
 What do you want to eat? [dI or ?*] ?
 This lembas wafer is delicious!
 You finish eating the lembas wafer.
 You see here a sling.
 The little dog misses the floating eye.
 The little dog bites the floating eye.
 The little dog is frozen by the floating eye's gaze!
 You descend the stairs.
 You see here a dark green potion.
 L - a dark green potion.
 What do you want to drink? [wL or ?*] L
 A cloud of darkness falls upon you.
 It bites!
 It bites!
 It bites!
 It bites!
 It bites!
 It bites!
 It bites!
 It bites!
 It bites!
 It bites!
 You miss it.
 You hear a door open.
 It bites!
 It bites!
 You find a web.
 You miss it.
 It bites!
 It bites!
 You kill it!
 It bites!
 You lash it.
 It bites!
 e - a +1 pick-axe (weapon in right hand).
 a - a +2 bullwhip (alternate weapon; not wielded).
 It bites!
 You kill it!
 It bites!
 It bites!
 You hit it.
 It bites!
 It bites!
 It bites!
 You die...
 Do you want your possessions identified? [ynq] (y) y
 Do you want to see your attributes? [ynq] (y) n
 Do you want an account of creatures vanquished? [ynaq] (y) n
 Do you want to see your conduct and achievements? [ynq] (y) n
 Do you want to see the dungeon overview? [ynq] (y) n

Inventory:
 Coins    ('$')
  $ - 426 gold pieces
 Weapons  (')')
  a - a +2 bullwhip (alternate weapon; not wielded)
 Armor    ('[')
  y - an uncursed +0 dunce cap
  c - an uncursed +0 fedora (being worn)
  D - an uncursed +0 leather armor
  b - an uncursed +0 leather jacket (being worn)
 Comestibles  ('%')
  d - 6 uncursed food rations
 Scrolls  ('?')
  p - a cursed scroll of taming
  z - an uncursed scroll of teleportation
 Potions  ('!')
  w - an uncursed potion of water
 Rings    ('=')
  E - a cursed ring of free action
 Wands    ('/')
  q - a wand of locking (0:2)
 Tools    ('(')
  h - an empty uncursed sack
  e - a +1 pick-axe (weapon in right hand)
  n - an uncursed skeleton key
  f - a tinning kit (0:86)
 Gems/Stones  ('*')
  g - an uncursed touchstone

BeardyHaddock the Archeologist's attributes:

Background:
 You were a Field Worker, a level 4 male gnomish Archeologist.
 You were neutral, nominally on a mission for Camaxtli
 who was opposed by Quetzalcoatl (lawful) and Huhetotl (chaotic).
 You were right-handed.
 You were in the Dungeons of Doom, on level 5.
 You entered the dungeon 3427 turns ago.
 It was nighttime.
 You had 96 experience points, 64 more were needed to attain level 5.

Basics:
 You had 0 out of 33 hit points.
 You had all 22 energy points (spell power).
 Your armor class was 9.
 Your wallet contained 426 zorkmids.
 Autopickup was off.

Final Characteristics:
 Your strength was 12 (limit:18/50).
 Your dexterity was 12 (limit:18).
 Your constitution was 12 (limit:18).
 Your intelligence was 17 (limit:19).
 Your wisdom was 14 (limit:18).
 Your charisma was 10 (limit:18).

Final Status:
 You were temporarily blind.
 You weren't hungry.
 You were unencumbered.
 You were wielding a pick-axe.
 You had basic skill with pick-axe.

Final Attributes:
 You were piously aligned.
 You had automatic searching.
 You had infravision.
 You were lucky.
 You are dead.

Miscellaneous:
 You didn't encounter any bones levels.
 Total elapsed playing time was 26 minutes and 31 seconds.

Major events:
 Turn
    1: BeardyHaddock the neutral male gnomish Archeologist entered the dungeon
 1933: attained the rank of Field Worker (level 3)
 3427: killed by a giant ant

You didn't know any spells.

Skills:
 Fighting Skills
   bare handed combat [Unskilled]
   two weapon combat  [Unskilled]
   riding             [Unskilled]
 Weapon Skills
   dagger             [Unskilled]
   knife              [Unskilled]
   pick-axe           [Basic]
   short sword        [Unskilled]
   saber              [Unskilled]
   club               [Unskilled]
   quarterstaff       [Unskilled]
   sling              [Unskilled]
   dart               [Unskilled]
   boomerang          [Unskilled]
   whip               [Basic]
   unicorn horn       [Unskilled]
 Spellcasting Skills
   attack spells      [Unskilled]
   healing spells     [Unskilled]
   divination spells  [Unskilled]
   matter spells      [Unskilled]

Voluntary challenges:
 Character rerolling was not enabled.
 You were an atheist.
 You never genocided any monsters.
 You never polymorphed an object.
 You never changed form.
 You used no wishes.
Achievements:
 You entered a shop.
 You attained the rank of Field Worker.

 The Dungeons of Doom: levels 1 to 5
    Level 1:
       A fountain.
    Level 2:
       A general store, a fountain.
    Level 3:
       A fountain.
    Level 4:
    Level 5: <- You were here.
       Final resting place for
          you, killed by a giant ant.


Vanquished creatures:
  a rothe
  2 orc zombies
  2 dwarf zombies
  2 iguanas
  a coyote
  2 hobbits
  a large kobold
  a hobgoblin
  3 giant rats
  a cave spider
  a brown mold
  a gnome zombie
  6 geckos
  5 jackals
  a fox
  3 goblins
  8 grid bugs
  a bat
  6 lichens
  7 newts
55 creatures vanquished.

No species were genocided or became extinct.

Game over:
                       ----------
                      /          \
                     /    REST    \
                    /      IN      \
                   /     PEACE      \
                  /                  \
                  |  BeardyHaddock   |
                  |      426 Au      |
                  |   killed by a    |
                  |    giant ant     |
                  |                  |
                  |                  |
                  |       2026       |
                 *|     *  *  *      | *
        _________)/\\_//(\/(/\)/\//\/|_)_______

Goodbye BeardyHaddock the Archeologist...

You died in The Dungeons of Doom on dungeon level 5 with 1008 points,
and 426 pieces of gold, after 3427 moves.
You were level 4 with a maximum of 33 hit points when you died.

